[ AOE2 MATCH · #471331091 ]
Team RMFranks vs Malians
[ REPLAY ANALYSIS · EXTRACTED FROM THE RECORDED GAME ]
Feudal
10:22
Castle
14:08
Imperial
—
| APM avg | 21.6 |
| APM peak | 58 |
| eAPM avg | 13.4 |
| Villagers / military | 89 / 1 |
Focus
⚔️ 9.4% · 🌾 90.6%
Monk ×1
Feudal
10:16
Castle
14:27
Imperial
—
| APM avg | 27.7 |
| APM peak | 59 |
| eAPM avg | 12.8 |
| Villagers / military | 45 / 20 |
Focus
⚔️ 18.1% · 🌾 81.9%
Gbeto ×14 · Battering Ram ×3 · Scorpion ×2 · Mangonel ×1
Feudal
12:17
Castle
15:57
Imperial
—
| APM avg | 18.8 |
| APM peak | 43 |
| eAPM avg | 12.1 |
| Villagers / military | 86 / 10 |
Focus
⚔️ 6.6% · 🌾 93.4%
Longbowman ×10
Feudal
11:24
Castle
17:22
Imperial
—
| APM avg | 36.1 |
| APM peak | 61 |
| eAPM avg | 14.2 |
| Villagers / military | 49 / 3 |
Focus
⚔️ 11.1% · 🌾 88.9%
Woad Raider ×3
Feudal
10:29
Castle
13:58
Imperial
—
| APM avg | 18.9 |
| APM peak | 49 |
| eAPM avg | 12.9 |
| Villagers / military | 57 / 36 |
Focus
⚔️ 21.3% · 🌾 78.7%
Karambit Warrior ×29 · Battering Ram ×6 · Mangonel ×1
Feudal
11:07
Castle
15:02
Imperial
—
| APM avg | 14.7 |
| APM peak | 29 |
| eAPM avg | 9.9 |
| Villagers / military | 85 / 1 |
Focus
⚔️ 7.5% · 🌾 92.5%
Mangonel ×1
Match map
Initial resources + every placement click. Lines = walls · curves = elevation contours. ◆ gold · ⬟ stone · ● berries · ✦ relic · ◌ wall gap
Your base· ✓ Closed at 14:08 · 0t walls · 3 gate(s)
danielchanlam's base· ✓ Closed at 14:27 · 0t walls · 2 gate(s)
EddieLooo's base· ✓ Closed at 15:57 · 0t walls · 3 gate(s)
lei0329's base· ✓ Closed at 17:22 · 0t walls · 3 gate(s)
行云流水's base· ✓ Closed at 13:58 · 0t walls · 2 gate(s)
猩猩一起強大's base· ✓ Closed at 15:02 · 0t walls · 3 gate(s)
Smoothed initial terrain · ◌ = detected wall gap · hover for details
Inputs per minute
— 賴老師 - - danielchanlam
Build order — 賴老師
First 150 of 184 actions detected
| 0:00 | Create | Villager (Male) |
| 0:01 | Create | Villager (Male) |
| 0:01 | Create | Villager (Male) |
| 0:02 | Build | House |
| 0:04 | Build | House |
| 0:11 | Create | Villager (Male) |
| 1:29 | Create | Villager (Male) |
| 1:50 | Build | Lumber Camp |
| 1:52 | Create | Villager (Male) |
| 2:24 | Create | Villager (Male) |
| 3:11 | Create | Villager (Male) |
| 3:12 | Create | Villager (Male) |
| 3:21 | Build | House |
| 3:58 | Create | Villager (Male) |
| 4:07 | Build | Mill |
| 4:13 | Create | Villager (Male) |
| 4:48 | Create | Villager (Male) |
| 4:48 | Create | Villager (Male) |
| 5:02 | Create | Villager (Male) |
| 5:25 | Build | House |
| 5:29 | Create | Villager (Male) |
| 5:59 | Create | Villager (Male) |
| 6:33 | Build | Mill |
| 6:43 | Create | Villager (Male) |
| 7:10 | Create | Villager (Male) |
| 7:15 | Build | Mining Camp |
| 7:26 | Research | Loom |
| 8:07 | Research | Feudal Age |
| 8:56 | Create | Villager (Male) |
| 8:56 | Create | Villager (Male) |
| 10:22 | Age | Feudal Age |
| 10:25 | Build | Market |
| 10:28 | Build | Blacksmith |
| 11:28 | Research | Castle Age |
| 11:28 | Research | Castle Age |
| 11:47 | Research | Double-Bit Axe |
| 11:53 | Build | Lumber Camp |
| 12:39 | Build | Farm |
| 12:55 | Build | Farm |
| 13:01 | Build | Farm |
| 13:02 | Build | Farm |
| 13:08 | Build | Farm |
| 13:23 | Build | House |
| 13:25 | Build | House |
| 13:45 | Create | Villager (Male) |
| 13:45 | Create | Villager (Male) |
| 14:08 | Age | Castle Age |
| 14:16 | Build | Town Center |
| 14:32 | Build | House |
| 14:42 | Build | Farm |
| 14:47 | Build | Farm |
| 14:51 | Create | Villager (Male) |
| 15:09 | Build | House |
| 15:15 | Create | Villager (Male) |
| 15:19 | Build | Farm |
| 15:21 | Build | Farm |
| 15:26 | Create | Villager (Male) |
| 16:00 | Create | Villager (Male) |
| 16:01 | Create | Villager (Male) |
| 16:05 | Research | Bow Saw |
| 16:13 | Build | Farm |
| 16:14 | Build | Farm |
| 16:22 | Build | Farm |
| 16:26 | Create | Villager (Male) |
| 16:27 | Create | Villager (Male) |
| 16:52 | Build | Farm |
| 17:01 | Create | Villager (Male) |
| 17:12 | Build | Town Center |
| 17:15 | Create | Villager (Male) |
| 17:17 | Create | Villager (Male) |
| 17:18 | Create | Villager (Male) |
| 17:19 | Create | Villager (Male) |
| 17:30 | Build | Farm |
| 17:34 | Build | Farm |
| 17:43 | Research | Wheelbarrow |
| 17:46 | Create | Villager (Male) |
| 17:55 | Build | Farm |
| 18:02 | Build | Farm |
| 18:07 | Build | Farm |
| 18:09 | Create | Villager (Male) |
| 18:13 | Build | Farm |
| 18:15 | Create | Villager (Male) |
| 18:36 | Create | Villager (Male) |
| 18:48 | Create | Villager (Male) |
| 18:52 | Build | Monastery |
| 18:55 | Create | Villager (Male) |
| 18:55 | Create | Villager (Male) |
| 18:58 | Build | Farm |
| 19:02 | Create | Villager (Male) |
| 19:02 | Create | Villager (Male) |
| 19:07 | Create | Villager (Male) |
| 19:15 | Build | House |
| 19:16 | Build | House |
| 19:17 | Build | House |
| 19:18 | Build | House |
| 19:20 | Create | Villager (Male) |
| 19:22 | Create | Villager (Male) |
| 19:30 | Build | Farm |
| 19:31 | Build | Farm |
| 19:36 | Build | Farm |
| 19:38 | Create | Monk |
| 19:51 | Create | Villager (Male) |
| 19:51 | Create | Villager (Male) |
| 19:52 | Create | Villager (Male) |
| 19:53 | Create | Villager (Male) |
| 20:03 | Build | Farm |
| 20:05 | Create | Villager (Male) |
| 20:08 | Build | Farm |
| 20:19 | Build | Mill |
| 20:20 | Build | Farm |
| 20:21 | Build | Farm |
| 20:26 | Create | Villager (Male) |
| 20:26 | Create | Villager (Male) |
| 20:27 | Create | Villager (Male) |
| 21:08 | Create | Villager (Male) |
| 21:08 | Create | Villager (Male) |
| 21:08 | Create | Villager (Male) |
| 21:09 | Create | Villager (Male) |
| 21:09 | Create | Villager (Male) |
| 21:14 | Build | Farm |
| 21:15 | Build | Farm |
| 21:15 | Build | Farm |
| 21:17 | Create | Villager (Male) |
| 21:17 | Create | Villager (Male) |
| 21:18 | Create | Villager (Male) |
| 21:23 | Build | Farm |
| 21:23 | Build | Farm |
| 21:27 | Build | Farm |
| 21:28 | Build | Farm |
| 21:28 | Build | Farm |
| 21:30 | Create | Villager (Male) |
| 21:31 | Create | Villager (Male) |
| 21:32 | Create | Villager (Male) |
| 21:37 | Research | Gold Mining |
| 21:43 | Build | House |
| 21:45 | Build | House |
| 21:46 | Build | House |
| 21:46 | Build | House |
| 21:49 | Create | Villager (Male) |
| 21:49 | Create | Villager (Male) |
| 22:03 | Build | Farm |
| 22:04 | Build | Farm |
| 22:13 | Create | Villager (Male) |
| 22:13 | Create | Villager (Male) |
| 22:14 | Create | Villager (Male) |
| 22:28 | Build | Farm |
| 22:28 | Build | Farm |
| 22:29 | Build | Farm |
| 22:41 | Create | Villager (Male) |
| 22:41 | Create | Villager (Male) |
Build order — danielchanlam
101 actions detected in the replay
| 0:00 | Create | Villager (Male) |
| 0:01 | Create | Villager (Male) |
| 0:01 | Create | Villager (Male) |
| 0:01 | Create | Villager (Male) |
| 0:01 | Create | Villager (Male) |
| 0:03 | Build | House |
| 0:05 | Build | House |
| 1:25 | Build | Lumber Camp |
| 1:28 | Create | Villager (Male) |
| 1:55 | Create | Villager (Male) |
| 2:25 | Create | Villager (Male) |
| 2:56 | Create | Villager (Male) |
| 3:03 | Create | Villager (Male) |
| 3:24 | Build | House |
| 3:36 | Create | Villager (Male) |
| 3:51 | Build | Mill |
| 3:58 | Create | Villager (Male) |
| 4:41 | Create | Villager (Male) |
| 4:41 | Create | Villager (Male) |
| 4:58 | Create | Villager (Male) |
| 5:16 | Create | Villager (Male) |
| 5:29 | Create | Villager (Male) |
| 5:29 | Create | Villager (Male) |
| 5:37 | Build | House |
| 5:39 | Create | Villager (Male) |
| 6:03 | Create | Villager (Male) |
| 6:28 | Build | Mining Camp |
| 6:35 | Create | Villager (Male) |
| 8:06 | Research | Feudal Age |
| 8:41 | Create | Villager (Male) |
| 9:10 | Create | Villager (Male) |
| 10:16 | Age | Feudal Age |
| 10:20 | Build | Market |
| 10:24 | Build | Blacksmith |
| 11:47 | Research | Castle Age |
| 11:47 | Research | Castle Age |
| 11:58 | Build | Mining Camp |
| 12:39 | Build | House |
| 12:40 | Build | House |
| 12:41 | Build | House |
| 13:32 | Create | Villager (Male) |
| 13:33 | Create | Villager (Male) |
| 14:27 | Age | Castle Age |
| 14:29 | Research | Loom |
| 14:43 | Build | Siege Workshop |
| 14:46 | Create | Villager (Male) |
| 14:48 | Create | Villager (Male) |
| 15:12 | Create | Villager (Male) |
| 15:22 | Build | Farm |
| 15:35 | Create | Villager (Male) |
| 15:52 | Build | Farm |
| 15:55 | Create | Scorpion |
| 16:01 | Build | Castle |
| 16:06 | Create | Scorpion |
| 16:25 | Build | Farm |
| 16:26 | Create | Villager (Male) |
| 16:27 | Create | Villager (Male) |
| 16:41 | Create | Villager (Male) |
| 16:45 | Build | Farm |
| 16:46 | Build | Farm |
| 16:48 | Create | Villager (Male) |
| 17:00 | Create | Battering Ram |
| 17:05 | Create | Villager (Male) |
| 17:26 | Build | Mining Camp |
| 17:37 | Create | Gbeto |
| 17:46 | Create | Villager (Male) |
| 17:59 | Create | Gbeto |
| 18:15 | Create | Gbeto |
| 18:23 | Build | Farm |
| 18:24 | Build | Farm |
| 19:16 | Create | Gbeto |
| 19:16 | Create | Gbeto |
| 19:21 | Build | Farm |
| 19:22 | Build | Farm |
| 19:43 | Create | Gbeto |
| 20:15 | Create | Gbeto |
| 20:16 | Create | Villager (Male) |
| 20:16 | Create | Villager (Male) |
| 20:16 | Create | Villager (Male) |
| 20:49 | Create | Gbeto |
| 20:49 | Create | Gbeto |
| 21:00 | Create | Battering Ram |
| 21:00 | Create | Battering Ram |
| 21:02 | Create | Villager (Male) |
| 21:32 | Build | Town Center |
| 21:34 | Create | Gbeto |
| 21:34 | Create | Gbeto |
| 22:20 | Create | Mangonel |
| 22:39 | Create | Gbeto |
| 22:40 | Create | Villager (Male) |
| 22:41 | Create | Villager (Male) |
| 22:51 | Research | Scale Mail Armor |
| 23:23 | Create | Gbeto |
| 23:24 | Create | Gbeto |
| 24:55 | Create | Villager (Male) |
| 24:56 | Create | Villager (Male) |
| 24:57 | Create | Villager (Male) |
| 24:58 | Create | Villager (Male) |
| 25:07 | Build | House |
| 25:08 | Build | House |
| 25:09 | Build | House |
Build order — EddieLooo
First 150 of 177 actions detected
| 0:02 | Create | Villager (Male) |
| 0:02 | Create | Villager (Male) |
| 0:05 | Build | House |
| 0:08 | Build | House |
| 0:49 | Create | Villager (Male) |
| 0:49 | Create | Villager (Male) |
| 1:33 | Create | Villager (Male) |
| 1:33 | Create | Villager (Male) |
| 1:50 | Build | Lumber Camp |
| 1:57 | Create | Villager (Male) |
| 2:09 | Create | Villager (Male) |
| 2:24 | Create | Villager (Male) |
| 2:49 | Create | Villager (Male) |
| 3:34 | Build | House |
| 3:52 | Create | Villager (Male) |
| 3:52 | Create | Villager (Male) |
| 3:52 | Create | Villager (Male) |
| 4:04 | Build | Mill |
| 4:49 | Create | Villager (Male) |
| 5:17 | Create | Villager (Male) |
| 5:24 | Build | House |
| 5:28 | Build | House |
| 5:35 | Create | Villager (Male) |
| 5:36 | Create | Villager (Male) |
| 5:38 | Create | Villager (Male) |
| 5:39 | Create | Villager (Male) |
| 6:04 | Build | Mining Camp |
| 6:50 | Build | Farm |
| 7:14 | Build | Farm |
| 7:21 | Create | Villager (Male) |
| 7:21 | Create | Villager (Male) |
| 8:08 | Create | Villager (Male) |
| 8:11 | Build | Farm |
| 8:30 | Build | Farm |
| 8:36 | Create | Villager (Male) |
| 8:36 | Create | Villager (Male) |
| 8:57 | Build | Farm |
| 9:02 | Create | Villager (Male) |
| 9:35 | Research | Feudal Age |
| 10:21 | Build | Barracks |
| 10:23 | Build | House |
| 10:24 | Build | House |
| 10:54 | Build | Mining Camp |
| 10:58 | Create | Villager (Male) |
| 10:58 | Create | Villager (Male) |
| 11:03 | Build | House |
| 11:04 | Build | House |
| 12:17 | Age | Feudal Age |
| 12:24 | Build | Archery Range |
| 12:29 | Build | Blacksmith |
| 12:53 | Research | Horse Collar |
| 13:17 | Research | Castle Age |
| 13:19 | Research | Double-Bit Axe |
| 13:32 | Build | House |
| 13:40 | Research | Stone Mining |
| 13:46 | Research | Stone Mining |
| 13:59 | Build | House |
| 14:33 | Build | House |
| 14:34 | Build | House |
| 14:55 | Create | Villager (Male) |
| 15:57 | Age | Castle Age |
| 16:04 | Build | Castle |
| 16:06 | Create | Villager (Male) |
| 16:24 | Build | Town Center |
| 16:26 | Create | Villager (Male) |
| 16:27 | Build | Farm |
| 16:39 | Build | Town Center |
| 16:49 | Build | Farm |
| 17:02 | Create | Villager (Male) |
| 17:21 | Create | Villager (Male) |
| 17:40 | Build | Farm |
| 17:43 | Build | Farm |
| 17:47 | Create | Villager (Male) |
| 17:47 | Create | Villager (Male) |
| 18:01 | Build | Town Center |
| 18:04 | Create | Villager (Male) |
| 18:11 | Build | Farm |
| 18:15 | Build | Farm |
| 18:18 | Create | Villager (Male) |
| 18:25 | Create | Villager (Male) |
| 18:27 | Create | Villager (Male) |
| 18:46 | Create | Villager (Male) |
| 18:56 | Create | Villager (Male) |
| 19:02 | Create | Villager (Male) |
| 19:04 | Build | Farm |
| 19:08 | Build | Farm |
| 19:11 | Build | Farm |
| 19:14 | Create | Villager (Male) |
| 19:19 | Build | Farm |
| 19:20 | Build | Farm |
| 19:24 | Build | Farm |
| 19:27 | Create | Villager (Male) |
| 19:29 | Build | Farm |
| 19:32 | Create | Villager (Male) |
| 19:37 | Build | House |
| 19:38 | Build | House |
| 19:39 | Create | Villager (Male) |
| 19:41 | Create | Villager (Male) |
| 19:44 | Build | Farm |
| 19:49 | Build | Farm |
| 19:54 | Build | Farm |
| 19:56 | Build | Farm |
| 19:58 | Create | Villager (Male) |
| 20:01 | Create | Villager (Male) |
| 20:06 | Build | Farm |
| 20:11 | Create | Villager (Male) |
| 20:21 | Create | Villager (Male) |
| 20:29 | Build | Farm |
| 20:30 | Build | Farm |
| 20:31 | Create | Villager (Male) |
| 20:39 | Build | Farm |
| 20:40 | Build | Farm |
| 20:45 | Create | Villager (Male) |
| 20:51 | Create | Villager (Male) |
| 20:51 | Create | Villager (Male) |
| 20:56 | Create | Villager (Male) |
| 21:02 | Build | House |
| 21:03 | Build | House |
| 21:11 | Create | Villager (Male) |
| 21:12 | Build | Farm |
| 21:19 | Create | Villager (Male) |
| 21:22 | Create | Villager (Male) |
| 21:22 | Create | Villager (Male) |
| 21:31 | Build | Mining Camp |
| 21:33 | Research | Gold Mining |
| 21:35 | Create | Villager (Male) |
| 21:35 | Create | Villager (Male) |
| 21:45 | Build | Farm |
| 21:47 | Create | Villager (Male) |
| 22:07 | Create | Villager (Male) |
| 22:09 | Create | Villager (Male) |
| 22:14 | Create | Villager (Male) |
| 22:17 | Build | Farm |
| 22:20 | Create | Villager (Male) |
| 22:20 | Create | Villager (Male) |
| 22:31 | Build | University |
| 22:34 | Create | Villager (Male) |
| 22:38 | Create | Villager (Male) |
| 22:41 | Create | Villager (Male) |
| 22:45 | Create | Villager (Male) |
| 22:46 | Create | Villager (Male) |
| 22:49 | Build | Farm |
| 22:51 | Create | Villager (Male) |
| 22:54 | Create | Villager (Male) |
| 23:01 | Build | Farm |
| 23:03 | Create | Villager (Male) |
| 23:12 | Create | Villager (Male) |
| 23:22 | Create | Longbowman |
| 23:22 | Create | Longbowman |
| 23:22 | Create | Longbowman |
Build order — lei0329
98 actions detected in the replay
| 0:03 | Build | House |
| 0:05 | Build | House |
| 0:05 | Create | Villager (Male) |
| 0:06 | Create | Villager (Male) |
| 0:06 | Create | Villager (Male) |
| 0:06 | Create | Villager (Male) |
| 1:50 | Create | Villager (Male) |
| 2:02 | Build | Lumber Camp |
| 2:08 | Create | Villager (Male) |
| 2:27 | Create | Villager (Male) |
| 2:48 | Create | Villager (Male) |
| 3:18 | Create | Villager (Male) |
| 4:01 | Build | House |
| 4:02 | Build | House |
| 4:14 | Create | Villager (Male) |
| 4:20 | Create | Villager (Male) |
| 4:56 | Research | Loom |
| 5:11 | Create | Villager (Male) |
| 5:11 | Create | Villager (Male) |
| 5:11 | Create | Villager (Male) |
| 5:30 | Create | Villager (Male) |
| 5:30 | Create | Villager (Male) |
| 5:45 | Build | Mill |
| 6:10 | Create | Villager (Male) |
| 6:10 | Create | Villager (Male) |
| 6:10 | Create | Villager (Male) |
| 6:57 | Create | Villager (Male) |
| 6:57 | Create | Villager (Male) |
| 8:33 | Build | Mill |
| 9:04 | Research | Feudal Age |
| 9:25 | Build | House |
| 10:20 | Build | Mining Camp |
| 10:53 | Create | Villager (Male) |
| 10:54 | Create | Villager (Male) |
| 10:54 | Create | Villager (Male) |
| 10:54 | Create | Villager (Male) |
| 11:24 | Age | Feudal Age |
| 11:30 | Build | Blacksmith |
| 11:34 | Build | Market |
| 12:10 | Build | Farm |
| 12:12 | Build | Farm |
| 12:13 | Build | Farm |
| 12:14 | Build | Farm |
| 12:25 | Create | Villager (Male) |
| 12:30 | Research | Double-Bit Axe |
| 12:46 | Build | Farm |
| 13:01 | Build | Farm |
| 13:03 | Build | Farm |
| 13:29 | Build | Mining Camp |
| 13:40 | Build | Farm |
| 13:52 | Create | Villager (Male) |
| 13:53 | Create | Villager (Male) |
| 14:25 | Research | Castle Age |
| 14:33 | Build | House |
| 14:34 | Build | House |
| 14:35 | Build | House |
| 14:54 | Build | Barracks |
| 14:58 | Build | Gate |
| 15:13 | Research | Horse Collar |
| 15:20 | Research | Forging |
| 15:41 | Build | Lumber Camp |
| 16:01 | Research | Arson |
| 16:05 | Research | Man-at-Arms (upgrade) |
| 16:19 | Build | Farm |
| 16:23 | Research | Stone Mining |
| 16:27 | Research | Gold Mining |
| 17:22 | Age | Castle Age |
| 17:35 | Build | Castle |
| 17:50 | Create | Villager (Male) |
| 17:50 | Create | Villager (Male) |
| 17:50 | Create | Villager (Male) |
| 17:50 | Create | Villager (Male) |
| 17:51 | Create | Villager (Male) |
| 18:08 | Build | Stone Wall |
| 18:18 | Build | Stone Wall |
| 18:23 | Create | Villager (Male) |
| 18:24 | Create | Villager (Male) |
| 18:24 | Create | Villager (Male) |
| 18:24 | Create | Villager (Male) |
| 18:44 | Build | Stone Wall |
| 19:33 | Build | Siege Workshop |
| 20:42 | Build | Siege Workshop |
| 21:24 | Create | Villager (Male) |
| 21:24 | Create | Villager (Male) |
| 21:24 | Create | Villager (Male) |
| 21:25 | Create | Villager (Male) |
| 21:25 | Create | Villager (Male) |
| 21:25 | Create | Villager (Male) |
| 21:26 | Create | Villager (Male) |
| 21:26 | Create | Villager (Male) |
| 21:29 | Create | Woad Raider |
| 21:30 | Create | Woad Raider |
| 22:14 | Create | Villager (Male) |
| 22:14 | Create | Villager (Male) |
| 23:29 | Build | Castle |
| 23:53 | Create | Villager (Male) |
| 23:53 | Create | Villager (Male) |
| 24:26 | Create | Woad Raider |
Build order — 行云流水
143 actions detected in the replay
| 0:01 | Create | Villager (Male) |
| 0:01 | Create | Villager (Male) |
| 0:02 | Create | Villager (Male) |
| 0:03 | Build | House |
| 0:04 | Build | House |
| 0:12 | Create | Villager (Male) |
| 0:12 | Create | Villager (Male) |
| 0:20 | Build | House |
| 0:44 | Build | House |
| 1:15 | Build | Lumber Camp |
| 1:43 | Create | Villager (Male) |
| 2:08 | Create | Villager (Male) |
| 2:08 | Create | Villager (Male) |
| 2:38 | Create | Villager (Male) |
| 3:14 | Create | Villager (Male) |
| 3:14 | Create | Villager (Male) |
| 3:14 | Create | Villager (Male) |
| 3:49 | Create | Villager (Male) |
| 3:49 | Create | Villager (Male) |
| 4:15 | Create | Villager (Male) |
| 4:20 | Build | Mill |
| 4:55 | Create | Villager (Male) |
| 5:14 | Create | Villager (Male) |
| 5:30 | Create | Villager (Male) |
| 5:56 | Create | Villager (Male) |
| 6:11 | Create | Villager (Male) |
| 6:11 | Create | Villager (Male) |
| 6:38 | Create | Villager (Male) |
| 7:18 | Create | Villager (Male) |
| 7:42 | Create | Villager (Male) |
| 7:42 | Create | Villager (Male) |
| 7:58 | Create | Villager (Male) |
| 8:19 | Build | Mining Camp |
| 8:46 | Build | Farm |
| 8:51 | Build | Mill |
| 8:57 | Build | House |
| 9:11 | Research | Feudal Age |
| 9:35 | Build | Farm |
| 9:40 | Build | Farm |
| 10:14 | Create | Villager (Male) |
| 10:15 | Create | Villager (Male) |
| 10:29 | Age | Feudal Age |
| 10:35 | Create | Villager (Male) |
| 10:40 | Build | Blacksmith |
| 11:00 | Build | Market |
| 11:06 | Build | House |
| 11:29 | Build | House |
| 11:40 | Create | Villager (Male) |
| 12:22 | Research | Castle Age |
| 12:49 | Build | Mining Camp |
| 12:54 | Create | Villager (Male) |
| 12:55 | Create | Villager (Male) |
| 12:55 | Create | Villager (Male) |
| 13:27 | Create | Villager (Male) |
| 13:44 | Research | Double-Bit Axe |
| 13:52 | Research | Gold Mining |
| 13:58 | Age | Castle Age |
| 14:30 | Build | Siege Workshop |
| 15:02 | Build | Farm |
| 15:07 | Build | Farm |
| 15:09 | Research | Horse Collar |
| 15:15 | Build | Farm |
| 15:18 | Build | Farm |
| 15:24 | Create | Villager (Male) |
| 15:52 | Create | Villager (Male) |
| 15:52 | Create | Villager (Male) |
| 16:00 | Build | Siege Workshop |
| 16:12 | Build | Castle |
| 16:16 | Build | Farm |
| 16:23 | Create | Villager (Male) |
| 16:23 | Create | Villager (Male) |
| 16:47 | Build | Farm |
| 16:55 | Create | Villager (Male) |
| 16:55 | Create | Villager (Male) |
| 16:56 | Create | Villager (Male) |
| 17:10 | Build | Farm |
| 17:13 | Create | Villager (Male) |
| 17:34 | Create | Villager (Male) |
| 17:40 | Create | Battering Ram |
| 17:50 | Build | Lumber Camp |
| 17:52 | Create | Villager (Male) |
| 18:16 | Create | Villager (Male) |
| 18:42 | Research | Bow Saw |
| 18:50 | Research | Loom |
| 18:58 | Create | Battering Ram |
| 19:21 | Create | Battering Ram |
| 19:41 | Create | Villager (Male) |
| 19:41 | Create | Villager (Male) |
| 19:42 | Create | Villager (Male) |
| 19:42 | Create | Villager (Male) |
| 19:44 | Build | Farm |
| 19:45 | Build | Farm |
| 19:57 | Create | Battering Ram |
| 20:24 | Create | Villager (Male) |
| 20:30 | Create | Battering Ram |
| 20:32 | Create | Battering Ram |
| 20:36 | Create | Karambit Warrior |
| 20:37 | Create | Karambit Warrior |
| 20:37 | Create | Karambit Warrior |
| 20:37 | Create | Karambit Warrior |
| 20:37 | Create | Karambit Warrior |
| 20:38 | Create | Karambit Warrior |
| 20:38 | Create | Karambit Warrior |
| 20:53 | Create | Karambit Warrior |
| 21:09 | Build | Farm |
| 21:12 | Create | Villager (Male) |
| 21:12 | Create | Villager (Male) |
| 21:16 | Build | Town Center |
| 21:22 | Create | Karambit Warrior |
| 21:52 | Create | Mangonel |
| 21:54 | Create | Karambit Warrior |
| 21:54 | Create | Karambit Warrior |
| 21:55 | Create | Karambit Warrior |
| 21:55 | Create | Karambit Warrior |
| 22:12 | Build | House |
| 22:13 | Build | House |
| 22:14 | Build | House |
| 22:15 | Build | House |
| 22:31 | Create | Karambit Warrior |
| 22:31 | Create | Karambit Warrior |
| 22:31 | Create | Karambit Warrior |
| 22:31 | Create | Karambit Warrior |
| 22:32 | Create | Karambit Warrior |
| 22:38 | Build | House |
| 22:48 | Create | Villager (Male) |
| 22:48 | Create | Villager (Male) |
| 22:54 | Create | Karambit Warrior |
| 22:54 | Create | Karambit Warrior |
| 23:07 | Create | Karambit Warrior |
| 23:07 | Create | Karambit Warrior |
| 23:07 | Create | Karambit Warrior |
| 23:30 | Create | Karambit Warrior |
| 23:30 | Create | Karambit Warrior |
| 23:30 | Create | Karambit Warrior |
| 23:46 | Create | Karambit Warrior |
| 23:46 | Create | Karambit Warrior |
| 23:47 | Create | Karambit Warrior |
| 23:50 | Build | University |
| 24:35 | Build | Farm |
| 24:36 | Build | Farm |
| 24:36 | Build | Farm |
| 24:37 | Create | Villager (Male) |
| 24:38 | Create | Villager (Male) |
Build order — 猩猩一起強大
First 150 of 165 actions detected
| 0:02 | Create | Villager (Male) |
| 0:02 | Create | Villager (Male) |
| 0:02 | Create | Villager (Male) |
| 0:03 | Create | Villager (Male) |
| 0:05 | Build | House |
| 0:07 | Build | House |
| 1:25 | Create | Villager (Male) |
| 1:46 | Build | Lumber Camp |
| 1:52 | Create | Villager (Male) |
| 1:52 | Create | Villager (Male) |
| 2:29 | Create | Villager (Male) |
| 2:54 | Create | Villager (Male) |
| 3:16 | Create | Villager (Male) |
| 3:20 | Build | House |
| 3:52 | Create | Villager (Male) |
| 4:17 | Create | Villager (Male) |
| 4:17 | Create | Villager (Male) |
| 4:52 | Create | Villager (Male) |
| 4:53 | Create | Villager (Male) |
| 5:29 | Build | House |
| 5:35 | Create | Villager (Male) |
| 5:38 | Build | Mill |
| 6:27 | Create | Villager (Male) |
| 6:27 | Create | Villager (Male) |
| 6:28 | Create | Villager (Male) |
| 6:28 | Create | Villager (Male) |
| 6:31 | Create | Villager (Male) |
| 6:32 | Create | Villager (Male) |
| 7:21 | Build | Mill |
| 7:26 | Build | House |
| 7:29 | Create | Villager (Male) |
| 7:30 | Create | Villager (Male) |
| 8:43 | Research | Feudal Age |
| 9:35 | Create | Villager (Male) |
| 9:35 | Create | Villager (Male) |
| 9:57 | Build | Farm |
| 9:58 | Build | Farm |
| 10:09 | Build | Farm |
| 10:10 | Build | Farm |
| 11:07 | Age | Feudal Age |
| 11:10 | Build | Market |
| 11:39 | Research | Loom |
| 11:53 | Build | Blacksmith |
| 12:19 | Research | Castle Age |
| 12:33 | Build | House |
| 12:49 | Research | Double-Bit Axe |
| 12:56 | Research | Horse Collar |
| 13:52 | Create | Villager (Male) |
| 13:52 | Create | Villager (Male) |
| 13:59 | Build | Mining Camp |
| 14:21 | Research | Town Watch |
| 14:22 | Create | Villager (Male) |
| 14:22 | Create | Villager (Male) |
| 15:02 | Age | Castle Age |
| 15:06 | Build | Town Center |
| 15:10 | Create | Villager (Male) |
| 15:11 | Create | Villager (Male) |
| 15:49 | Build | Siege Workshop |
| 15:53 | Create | Villager (Male) |
| 15:53 | Create | Villager (Male) |
| 16:09 | Create | Villager (Male) |
| 16:09 | Create | Villager (Male) |
| 16:15 | Create | Villager (Male) |
| 16:16 | Create | Villager (Male) |
| 16:30 | Research | Bow Saw |
| 16:39 | Research | Heavy Plow |
| 16:47 | Build | House |
| 16:47 | Build | House |
| 17:06 | Build | Farm |
| 17:09 | Create | Villager (Male) |
| 17:09 | Create | Villager (Male) |
| 17:16 | Build | Farm |
| 17:23 | Build | Farm |
| 17:31 | Build | Farm |
| 17:37 | Build | Farm |
| 17:49 | Build | Farm |
| 17:55 | Build | Farm |
| 18:07 | Build | House |
| 18:08 | Build | House |
| 18:11 | Build | Farm |
| 18:15 | Build | Farm |
| 18:17 | Create | Villager (Male) |
| 18:17 | Create | Villager (Male) |
| 18:17 | Create | Villager (Male) |
| 18:36 | Create | Villager (Male) |
| 18:52 | Build | Town Center |
| 18:57 | Create | Villager (Male) |
| 18:57 | Create | Villager (Male) |
| 19:08 | Build | House |
| 19:08 | Build | House |
| 19:15 | Build | Farm |
| 19:20 | Build | Farm |
| 19:25 | Build | Farm |
| 19:29 | Create | Villager (Male) |
| 19:29 | Create | Villager (Male) |
| 19:34 | Research | Wheelbarrow |
| 19:46 | Create | Villager (Male) |
| 19:48 | Create | Villager (Male) |
| 20:03 | Create | Villager (Male) |
| 20:03 | Create | Villager (Male) |
| 20:11 | Build | House |
| 20:12 | Build | House |
| 20:18 | Build | Farm |
| 20:19 | Build | Farm |
| 20:21 | Build | Farm |
| 20:23 | Create | Villager (Male) |
| 20:23 | Create | Villager (Male) |
| 20:32 | Build | Mining Camp |
| 20:35 | Create | Villager (Male) |
| 20:35 | Create | Villager (Male) |
| 20:45 | Build | Farm |
| 20:49 | Build | Farm |
| 20:52 | Build | Farm |
| 20:59 | Create | Villager (Male) |
| 20:59 | Create | Villager (Male) |
| 21:00 | Create | Villager (Male) |
| 21:10 | Build | House |
| 21:11 | Build | House |
| 21:15 | Create | Villager (Male) |
| 21:16 | Create | Villager (Male) |
| 21:23 | Build | Farm |
| 21:24 | Build | Farm |
| 21:27 | Create | Villager (Male) |
| 21:27 | Create | Villager (Male) |
| 21:40 | Create | Villager (Male) |
| 21:54 | Build | Farm |
| 21:57 | Create | Villager (Male) |
| 21:57 | Create | Villager (Male) |
| 22:04 | Build | Farm |
| 22:05 | Build | Farm |
| 22:06 | Build | Farm |
| 22:07 | Create | Villager (Male) |
| 22:08 | Create | Villager (Male) |
| 22:08 | Create | Villager (Male) |
| 22:11 | Build | House |
| 22:12 | Build | House |
| 22:33 | Create | Villager (Male) |
| 22:33 | Create | Villager (Male) |
| 22:35 | Create | Villager (Male) |
| 22:40 | Build | University |
| 22:46 | Create | Villager (Male) |
| 22:46 | Create | Villager (Male) |
| 23:05 | Build | Farm |
| 23:06 | Build | Farm |
| 23:11 | Build | Barracks |
| 23:12 | Create | Villager (Male) |
| 23:12 | Create | Villager (Male) |
| 23:13 | Create | Villager (Male) |
| 23:42 | Create | Villager (Male) |
| 23:43 | Create | Villager (Male) |
Match timeline
| 10:16 | danielchanlam · age_up feudal |
| 10:21 | EddieLooo · first_building Barracks |
| 10:22 | 賴老師 · age_up feudal |
| 10:29 | 行云流水 · age_up feudal |
| 11:07 | 猩猩一起強大 · age_up feudal |
| 11:24 | lei0329 · age_up feudal |
| 11:25 | danielchanlam · first_market_sell 100 stone |
| 12:17 | EddieLooo · age_up feudal |
| 12:24 | EddieLooo · first_building Archery Range |
| 13:58 | 行云流水 · age_up castle |
| 14:08 | 賴老師 · age_up castle |
| 14:27 | danielchanlam · age_up castle |
| 14:30 | 行云流水 · first_building Siege Workshop |
| 14:43 | danielchanlam · first_building Siege Workshop |
| 14:54 | lei0329 · first_building Barracks |
| 15:02 | 猩猩一起強大 · age_up castle |
| 15:49 | 猩猩一起強大 · first_building Siege Workshop |
| 15:57 | EddieLooo · age_up castle |
| 16:01 | danielchanlam · first_building Castle |
| 16:04 | EddieLooo · first_building Castle |
| 16:12 | 行云流水 · first_building Castle |
| 17:01 | lei0329 · first_market_sell 100 wood |
| 17:02 | lei0329 · first_market_buy 100 stone |
| 17:22 | lei0329 · age_up castle |
| 17:35 | lei0329 · first_building Castle |
| 18:08 | lei0329 · wall_segment Stone Wall x3 |
| 18:18 | lei0329 · wall_segment Stone Wall x11 |
| 18:44 | lei0329 · wall_segment Stone Wall x6 |
| 18:52 | 賴老師 · first_building Monastery |
| 19:33 | lei0329 · first_building Siege Workshop |
| 23:11 | 猩猩一起強大 · first_building Barracks |
| 24:07 | 猩猩一起強大 · first_building Archery Range |
| 24:24 | 賴老師 · first_building Barracks |
| 25:13 | 賴老師 · first_building Stable |
| 26:07 | 猩猩一起強大 · resign |
[ AI ANALYSIS · 1 CREDIT ]
What really happened in this match?
Wolo.gg analyzes every decision: build order, eco, micro, common mistakes by bracket. Personalized analysis on WhatsApp or Discord in 30 seconds.
Civ guide
Franks
Map guide
Arena
Perfil
Jugador #344151